 Dungeon Sprint DCSS version 0.18.1-48-g4cf74bf (webtiles) character file.

434 Joat the Cleaver (level 7, -2/41 HPs)
             Began as a Vine Stalker Fighter on Aug 17, 2016.
             Was an Initiate of the Shining One.
             Slain by a slime creature (5 damage)
             ... in the Dungeon (Sprint I: "Red Sonja").
             The game lasted 00:04:03 (257 turns).

Joat the Cleaver (Vine Stalker Fighter)              Turns: 257, Time: 00:04:04

Health: -2/41      AC:  7    Str: 20    XL:     7   Next: 0%
Magic:  0/8        EV:  9    Int:  8    God:    the Shining One [......]
Gold:   83         SH: 10    Dex: 14    Spells: 0 memorised, 6 levels left

rFire  . . .     SeeInvis .     a - +0 war axe
rCold  . . .     Gourm    .     b - +0 scale mail
rNeg   . . .     Faith    .     c - +0 shield
rPois  .         Spirit   +     (no helmet)
rElec  .         Dismiss  .     (no cloak)
rCorr  .         Reflect  .     (no gloves)
SustAt .         Harm     .     (no boots)
MR     .....     NoTele   +     (no amulet)
Stlth  ..........               (no ring)
                                (no ring)

@: glowing, not resistant to hostile enchantments, extremely unstealthy
A: fangs 2, regeneration 2, magic shield, antimagic bite, no device heal 3, rot
immunity
a: Renounce Religion


You were in the Dungeon.
You worshipped the Shining One.
The Shining One was noncommittal.
You were not hungry.

You visited 1 branch You collected 303 gold pieces.
You spent 220 gold pieces at shops.

Inventory:

Hand Weapons
 a - a +0 war axe (weapon)
Armour
 b - a +0 scale mail (worn)
 c - a +0 shield (worn)
 l - a +0 ring mail
Scrolls
 k - a scroll of blinking
Potions
 d - a potion of might
 e - a potion of curing
 g - a potion of heal wounds
 h - 2 potions of haste
 i - 2 potions of magic
Comestibles
 f - a bread ration
 m - 10 chunks of flesh


   Skills:
 + Level 6.3 Fighting
 * Level 8.4 Axes
 + Level 5.7 Armour
 + Level 2.1 Dodging
 + Level 6.3 Shields


You had 6 spell levels left.
You didn't know any spells.

Dungeon Overview and Level Annotations

Branches:
Dungeon (1/1)

Altars:
Cheibriados
Dithmenos
Elyvilon
Fedhas
Gozag
Kikubaaqudgha
Makhleb
Nemelex Xobeh
Okawaru
Pakellas
Qazlal
Ru
Sif Muna
Trog
Vehumet
Xom
Yredelemnul
Zin
The Shining One
Jiyva

Shops:
D *


Innate Abilities, Weirdness & Mutations

You have extremely sharp teeth.
You heal very quickly.
When hurt, damage is shared between your health and your magic reserves.
Your bite disrupts and absorbs the magic of your enemies.
Potions and wands cannot restore your health.
You are immune to rotting.


Message History

The slime creature hits you.
You slash the slime creature! You bite the slime creature. You drain its power.
You feel invigorated.
The slime creature is severely wounded.
The slime creature hits you!
You hit the slime creature.
The slime creature is severely wounded.
The slime creature hits you!
* * * LOW HITPOINT WARNING * * *
You slash the slime creature! Your bite misses the slime creature.
The slime creature is almost dead.
The slime creature barely misses you.
Your shield and scale mail prevent you from hitting the slime creature.
The slime creature is almost dead.
The slime creature hits you!
* * * LOW HITPOINT WARNING * * *
You hit the slime creature.
The slime creature is almost dead.
You block the slime creature's attack. The slime creature hits you.
You die...

################ ##
#<.#..').#..'..#__#
#..').#..').#.@J..+
#..#####'#####'#__#
#..####..#...#[# ##
#..#__####..##.#
#..#_.___##'#..+
#⌠⌠#_.∩...÷..._#
####_..._##_.#+#
#_____###+# #######


You could see a slime creature.

Vanquished Creatures
  Sigmund (D)
  A yak (D)
  An ogre (D)
  A jelly (D)
  Ijyb (D)
5 creatures vanquished.

Notes
Turn   | Place    | Note
--------------------------------------------------------------
     0 | D        | Joat the Vine Stalker Fighter began the quest for the Orb.
     0 | D        | Reached XP level 1. HP: 11/11 MP: 2/2
     2 | D        | Noticed Ijyb
    18 | D        | Killed Ijyb
    18 | D        | Reached skill level 5 in Axes
    18 | D        | Reached XP level 2. HP: 6/16 MP: 0/3
    53 | D        | Noticed an ogre
    58 | D        | Killed an ogre
    58 | D        | Reached skill level 6 in Axes
    58 | D        | Reached XP level 3. HP: 12/21 MP: 1/4
    58 | D        | Reached XP level 4. HP: 14/25 MP: 1/5
    98 | D        | Noticed Sigmund
   105 | D        | Killed Sigmund
   105 | D        | Reached skill level 5 in Fighting
   105 | D        | Reached skill level 7 in Axes
   105 | D        | Reached skill level 5 in Armour
   105 | D        | Reached skill level 5 in Shields
   105 | D        | Reached XP level 5. HP: 27/32 MP: 4/6
   105 | D        | Gained mutation: You heal very quickly. [Vine Stalker growth]
   105 | D        | Reached XP level 6. HP: 30/36 MP: 4/7
   146 | D        | Found a deep blue altar of Sif Muna.
   148 | D        | Found a radiant altar of Vehumet.
   165 | D        | Found Ledwe's Assorted Antiques.
   165 | D        | Found a white marble altar of Elyvilon.
   165 | D        | Found a stormy altar of Qazlal.
   165 | D        | Found a burning altar of Makhleb.
   165 | D        | Found a sacrificial altar of Ru.
   165 | D        | Found an oddly glowing altar of Pakellas.
   165 | D        | Found a basalt altar of Yredelemnul.
   165 | D        | Found a glowing golden altar of the Shining One.
   165 | D        | Found a sparkling altar of Nemelex Xobeh.
   165 | D        | Found a shimmering altar of Xom.
   165 | D        | Found an opulent altar of Gozag.
   165 | D        | Found an ancient bone altar of Kikubaaqudgha.
   165 | D        | Found a glowing silver altar of Zin.
   165 | D        | Noticed a yak
   170 | D        | Killed a yak
   170 | D        | Reached skill level 8 in Axes
   170 | D        | Reached XP level 7. HP: 21/41 MP: 8/8
   171 | D        | Found an iron altar of Okawaru.
   174 | D        | Found a bloodstained altar of Trog.
   199 | D        | Became a worshipper of the Shining One
   233 | D        | Bought a potion of haste for 220 gold pieces
   244 | D        | Found a snail-covered altar of Cheibriados.
   244 | D        | Found a viscous altar of Jiyva.
   244 | D        | Found a shadowy altar of Dithmenos.
   244 | D        | Found a blossoming altar of Fedhas.
   244 | D        | Noticed a slime creature
   256 | D        | HP: 2/41 [slime creature (7)]
   257 | D        | Slain by a slime creature

Skill      XL: |  1  2  3  4  5  6 |
---------------+-------------------+-----
Axes           | 5 6 7 8 |  8.4
Fighting       | 4 5 6 |  6.3
Armour         | 3 5 |  5.7
Shields        | 4 5 6 |  6.3
Dodging        | 2 |  2.1

Action                   |  1- 3 |  4- 6 |  7- 9 || total
-------------------------+-------+-------+-------++-------
Melee: War axe           |    19 |    15 |    12 ||    46
       Bite              |     5 |     7 |     4 ||    16
  Use: Potion            |       |     1 |       ||     1
Armor: Scale mail        |     3 |     1 |     1 ||     5
Dodge: Dodged            |     5 |     2 |     3 ||    10
Block: Shield            |     6 |     8 |     3 ||    17
